 Dungeon Crawl Stone Soup version 0.22.1-7-g5c428e77e6 (webtiles) character file.

4124 mpzz the Covert (level 10, -8/51 HPs)
             Began as a Spriggan Berserker on Feb 17, 2019.
             Was a High Priest of Trog.
             Collided with some deep water (12 damage)
             ... caused by Harold
             ... on level 9 of the Dungeon.
             The game lasted 01:13:55 (8046 turns).

mpzz the Covert (Spriggan Berserker)                Turns: 8046, Time: 01:14:02

Health: -8/51      AC:  2    Str: 16    XL:     10   Next: 6%
Magic:  11/11      EV: 12    Int: 12    God:    Trog [*****.]
Gold:   419        SH:  0    Dex: 17    Spells: 9/9 levels left

rFire    . . .     SeeInvis +   J - +8 spear of Fate {pierce, rC+ Int+4 SInv}
rCold    + . .     Gourm    .   (shield restricted)
rNeg     . . .     Faith    .   b - +0 animal skin
rPois    .         Spirit   .   (helmet restricted)
rElec    .         Reflect  .   (no cloak)
rCorr    .         Harm     .   (gloves unavailable)
MR       +++..                  (boots unavailable)
Stlth    +++++++...             (no amulet)
HPRegen  1.17/turn              h - ring of stealth
MPRegen  0.12/turn              i - +3 ring of evasion

@: marked, held, regenerating, very quick
A: very small, unfitting armour, see invisible, herbivore, speed 3, slow
metabolism 2
a: Berserk, Trog's Hand, Brothers in Arms, Renounce Religion


You were on level 9 of the Dungeon.
You worshipped Trog.
Trog was extremely pleased with you.
You were not hungry.

You visited 1 branch of the dungeon, and saw 9 of its levels.

You collected 659 gold pieces.
You spent 240 gold pieces at shops.

Inventory:

Hand Weapons
 d - a +0 short sword of freezing
 m - a +3 dagger
 p - a +0 dagger of draining
 u - a +0 vampiric scimitar
 C - a +0 shortbow
 J - the +8 spear of Fate (weapon) {pierce, rC+ Int+4 SInv}
   (You found it on level 6 of the Dungeon)

   It inflicts extra damage upon your enemies.
   It affects your intelligence (+4).
   It protects you from cold.
   It lets you see invisible.
Missiles
 e - 356 stones (quivered)
 g - 174 arrows
 j - 107 bolts
 v - 10 tomahawks
 y - 6 silver tomahawks
 E - 29 poisoned needles
 F - 82 sling bullets
 G - 5 curare-tipped needles
 H - 5 throwing nets
 M - 2 tomahawks of dispersal
 O - 8 needles of sleeping
Armour
 b - a +0 animal skin (worn)
 I - a +0 buckler
Jewellery
 h - a ring of stealth (left hand)
 i - a +3 ring of evasion (right hand)
 N - an uncursed ring of ice
Wands
 w - a wand of acid (8)
 D - a wand of paralysis (25)
 L - a wand of flame (15)
 P - a wand of scattershot (5)
 Q - a wand of disintegration (12)
Scrolls
 f - a scroll of fog {unknown}
 l - 4 scrolls of blinking
 n - 2 scrolls of amnesia
 o - 9 scrolls of remove curse
 r - 5 scrolls of teleportation
 s - 4 scrolls of enchant armour {unknown}
 t - 3 scrolls of identify
 A - 2 scrolls of noise {unknown}
 K - 2 scrolls of enchant weapon {unknown}
Potions
 a - 10 potions of curing
 k - 3 potions of agility
 q - a potion of mutation
 x - 2 potions of brilliance
 z - a potion of lignification {unknown}
 B - a potion of berserk rage {unknown}
Comestibles
 c - 5 rations


   Skills:
 - Level 5.3 Fighting
 - Level 10.0 Short Blades
 - Level 4.4 Dodging
 + Level 14.9 Stealth


You had 9 spell levels left.
You didn't know any spells.
Your spell library contained the following spells:

 Spells                   Type           Power        Failure   Level  Hunger
 Flame Tongue             Conj/Fire      #....        32%         1    ##.....
 Throw Flame              Conj/Fire      #.....       45%         2    ###....
 Conjure Flame            Conj/Fire      #.......     69%         3    ####...
 Inner Flame              Hex/Fire       #.......     69%         3    ####...
 Cause Fear               Hex            #.........   97%         4    #####..
 Sticky Flame             Conj/Fire      #.......     97%         4    #####..
 Fireball                 Conj/Fire      #.........   100%        5    ######.
 Silence                  Hex/Air        #.........   100%        5    ######.
 Yara's Violent Unravell  Hex/Tmut       #.........   100%        5    ######.
 Deflect Missiles         Chrm/Air       #.........   100%        6    #######
 Discord                  Hex            #.........   100%        8    #######


Dungeon Overview and Level Annotations

Branches:
Dungeon (9/15)             Temple (0/1) D:5             Orc (0/2) D:9
   Lair: D:8-11

Altars:
Cheibriados
Dithmenos
Elyvilon
Hepliaklqana
Okawaru
Qazlal
Ru
Sif Muna
Vehumet

Shops:
D:6 %

Annotations:
D:7 1 transporter
D:9 Harold


Innate Abilities, Weirdness & Mutations

You are very small and have problems with some larger weapons.
You are too small for most types of armour.
You have supernaturally acute eyesight. (SInv)
You are a herbivore.
You cover ground extremely quickly.
You need to consume almost no food.


Message History

Harold is moderately wounded.
Harold hits you with a mace of holy wrath!
Your skin crawls.
You feel resistant to hostile enchantments.
You feel somewhat more hungry.
Harold hits you with a mace of holy wrath!
* * * LOW HITPOINT WARNING * * *
Harold throws a throwing net.
The throwing net misses you.
Harold throws a throwing net.
The throwing net closely misses you.
Harold throws a throwing net.
The throwing net hits you.
You become entangled in the net!
You see here a throwing net.
You struggle against the net.
You struggle against the net.
Harold gestures at you while chanting. The harpoon shot hits you!
* * * LOW HITPOINT WARNING * * *
You are yanked forward by the harpoon shot.
You violently stop moving!
You die...

#####....###.##.......##...# #.#
# #...[# ###.........##..####.# #
#....# #...@≈≈≈....#.......#
#####)...# ##...≈≈≈≈≈...##......#
.........# #(..≈≈...≈≈...#......#
..†......###...≈≈.>.≈≈...########
...........#...≈≈)..≈≈...#
.####......##...≈≈≈≈≈...### .#
#.......#(..@≈≈≈....#.# .#
#...###.##.........##.#
#####...###..##.......##..#
##............###...####..#######
.##............##...# #........#
######.........##...# #........#
..# #.........###.### #........#
..# #.........# #...# #..#######
..# #.........###...# #..#######


You could see Harold.

Vanquished Creatures
  A hippogriff (D:7)
  A hungry ghost (D:8)
  2 water moccasins
  A black bear (D:6)
  3 orc warriors
  2 sky beasts
  3 ogres
  2 phantoms (D:9)
  4 centaurs
  2 bullfrogs (D:6)
  A gnoll sergeant (D:5)
  4 scorpions
  A wyvern skeleton (D:8)
  A howler monkey (D:7)
  2 crimson imps
  2 centaur zombies
  A bullfrog zombie (D:4)
  A quasit (D:9)
  2 orc priests
  4 hounds
  2 bullfrog skeletons (D:4)
  A centaur skeleton (D:5)
  3 gnoll shamans (D:5)
  2 orc wizards
  Terence (D:3)
  6 worker ants
  34 gnolls (D:5)
  A howler monkey skeleton (D:4)
  12 adders
  A shadow imp (D:6)
  An ooze (D:3)
  2 adder skeletons
  2 adder zombies (D:1)
  4 worms
  3 dart slugs
  10 leopard geckos
  58 orcs
  2 giant cockroaches (D:1)
  9 goblins
  7 hobgoblins
  26 jackals
  14 kobolds
  2 quokkas
  A ball python zombie (D:4)
  4 bats
  9 frilled lizards
  A giant cockroach zombie (D:4)
  A jackal zombie (D:9)
  A leopard gecko skeleton (D:4)
  A leopard gecko zombie (D:6)
  8 rats
269 creatures vanquished.

Vanquished Creatures (collateral kills)
  A two-headed ogre (D:9)
  A quokka (D:9)
2 creatures vanquished.

Vanquished Creatures (others)
  A worker ant (D:5)
1 creature vanquished.

Grand Total: 272 creatures vanquished

Notes
Turn   | Place    | Note
-------+----------+-------------------------------------------
     0 | D:1      | mpzz the Spriggan Berserker began the quest for the Orb.
     0 | D:1      | Reached XP level 1. HP: 11/11 MP: 2/2
    73 | D:1      | Reached skill level 1 in Stealth
    78 | D:1      | Reached skill level 2 in Stealth
   129 | D:1      | Reached skill level 3 in Stealth
   129 | D:1      | Reached XP level 2. HP: 6/16 MP: 3/3
   322 | D:1      | Reached skill level 4 in Stealth
   531 | D:1      | Reached XP level 3. HP: 19/19 MP: 4/4
   882 | D:1      | Reached skill level 5 in Stealth
   909 | D:1      | Reached ** piety under Trog
  1247 | D:2      | Reached XP level 4. HP: 23/23 MP: 5/5
  1286 | D:2      | Reached skill level 6 in Stealth
  1338 | D:2      | Found a radiant altar of Vehumet.
  1808 | D:3      | Noticed an orc warrior
  1826 | D:3      | Killed an orc warrior
  1826 | D:3      | Reached skill level 8 in Stealth
  1826 | D:3      | Reached XP level 5. HP: 27/27 MP: 6/6
  1876 | D:3      | Reached skill level 9 in Stealth
  1888 | D:3      | Reached XP level 6. HP: 21/32 MP: 7/7
  1948 | D:3      | Found a hazy altar of Hepliaklqana.
  2057 | D:3      | Noticed Terence
  2068 | D:3      | Killed Terence
  2222 | D:3      | Found an iron altar of Okawaru.
  2300 | D:3      | Reached *** piety under Trog
  2391 | D:3      | Reached skill level 10 in Stealth
  2462 | D:4      | Received a gift from Trog
  2526 | D:4      | Reached XP level 7. HP: 28/36 MP: 8/8
  2691 | D:4      | Found a sacrificial altar of Ru.
  2772 | D:4      | Reached skill level 5 in Short Blades
  2856 | D:5      | Entered Level 5 of the Dungeon
  3031 | D:5      | Found a staircase to the Ecumenical Temple.
  3084 | D:5      | Found a shadowy altar of Dithmenos.
  3711 | D:5      | Reached XP level 8. HP: 42/42 MP: 9/9
  3827 | D:5      | Reached **** piety under Trog
  4308 | D:6      | Found a white marble altar of Elyvilon.
  4581 | D:6      | Got a dazzling spear
  4597 | D:6      | Reached skill level 10 in Short Blades
  4754 | D:6      | Found Rock's Food Boutique.
  4766 | D:6      | Bought a ration for 60 gold pieces
  4766 | D:6      | Bought a ration for 60 gold pieces
  4766 | D:6      | Bought a ration for 60 gold pieces
  4766 | D:6      | Bought a ration for 60 gold pieces
  5148 | D:7      | Reached XP level 9. HP: 46/46 MP: 10/10
  5315 | D:7      | Found a transporter.
  5315 | D:7      | Noticed an orc sorcerer
  5377 | D:7      | Reached skill level 5 in Fighting
  5507 | D:7      | Found a snail-covered altar of Cheibriados.
  5608 | D:7      | Found a transporter.
  5660 | D:7      | Noticed a kobold demonologist
  5664 | D:7      | Identified the +8 spear of Fate {pierce, rC+ Int+4 SInv}
                  | (You found it on level 6 of the Dungeon)
  5676 | D:7      | Noticed a sun demon
  5833 | D:8      | Reached skill level 11 in Stealth
  6086 | D:8      | Reached ***** piety under Trog
  6635 | D:8      | Reached skill level 12 in Stealth
  7091 | D:9      | Found a stormy altar of Qazlal.
  7121 | D:9      | Reached skill level 13 in Stealth
  7274 | D:9      | Noticed Harold
  7503 | D:9      | Noticed a two-headed ogre
  7521 | D:9      | Killed a two-headed ogre
  7521 | D:9      | Reached skill level 14 in Stealth
  7712 | D:9      | Reached XP level 10. HP: 18/51 MP: 11/11
  7944 | D:9      | Found a staircase to the Orcish Mines.
  8003 | D:9      | Found a deep blue altar of Sif Muna.
  8046 | D:9      | Collided with some deep water

Skill      XL: |  1  2  3  4  5  6  7  8  9 |
---------------+----------------------------+-----
Stealth        | 3 4 5 8 9 10 14 | 14.9
Short Blades   | 4 6 10 | 10.0
Fighting       | 3 4 5 |  5.3
Dodging        | |  4.4

Action                   |  1- 3 |  4- 6 |  7- 9 | 10-12 || total
-------------------------+-------+-------+-------+-------++-------
Melee: Short sword       |   121 |   184 |   607 |    32 ||   944
       Spear             |       |       |    83 |    30 ||   113
       Dagger            |       |       |     7 |     1 ||     8
 Fire: Shortbow          |       |       |     5 |       ||     5
Throw: Stone             |       |       |     6 |       ||     6
Invok: Berserk           |     3 |     2 |     3 |       ||     8
       Trog's Hand       |     1 |     5 |    12 |     4 ||    22
       Brothers in Arms  |       |       |     1 |       ||     1
  Use: Scroll            |       |       |    11 |       ||    11
 Stab: Sleeping          |     6 |    18 |    40 |       ||    64
       Distracted        |       |       |     1 |       ||     1
  Eat: Ration            |       |     3 |     8 |     1 ||    12
Armor: Animal skin       |     4 |     9 |    22 |       ||    35
Dodge: Dodged            |    69 |   141 |   540 |    50 ||   800
